 Dungeon Crawl Stone Soup version 0.15-a0-187-g0bb430c (console) character file.

78445 casual the Eclecticist (level 15, -2/63 HPs)
             Began as a Vine Stalker Conjurer on Apr 21, 2014.
             Was the Champion of Sif Muna.
             Slain by a spider zombie (5 damage)
             ... animated by Josephine
             ... on Level 1 of the Spider Nest.
             The game lasted 02:29:23 (41436 turns).

casual the Eclecticist (Vine Stalker Conjurer)     Turns: 41436, Time: 02:29:23

HP  -2/63        AC 13     Str 12      XL: 15   Next: 55%
MP   0/35        EV 11     Int 23      God: Sif Muna [******]
Gold 1486        SH  0     Dex 15      Spells: 13 memorised,  1 level left

rFire  . . .     SeeInvis +     j - +0 halberd
rCold  . . .     Clarity  .     w - +3 leather armour of the Gloaming {rN+ SInv Curse}
rNeg   + . .     Conserve .     (no shield)
rPois  +         rCorr    .     M - +2 helmet {Int+3}
rElec  .         rRot     +     R - +0 cloak
SustAb . .       Spirit   +     (no gloves)
rMut   .         Warding  .     b - +2 pair of boots
Gourm  +         Stasis   .     m - amulet of the gourmand
MR     +....                    c - ring of poison resistance
                                K - ring of regeneration

@: deflect missiles, somewhat resistant to hostile enchantments, very stealthy
A: claws 1, fangs 3, low mp 1, regeneration 3, magic shield, antimagic bite, no
device heal
a: Channel Energy, Forget Spell, Renounce Religion


You were on level 1 of the Spider Nest.
You worshipped Sif Muna.
Sif Muna was exalted by your worship.
You were not hungry.

You visited 5 branches of the dungeon, and saw 25 of its levels.

You collected 1944 gold pieces.
You spent 458 gold pieces at shops.

Inventory:

Hand weapons
 j - a +0,+0 halberd (weapon)
 x - a +1,+3 vampiric trident
Armour
 b - a +2 pair of boots (worn)
 w - the cursed +3 leather armour of the Gloaming (worn) {rN+ SInv Curse}
   (You found it on level 4 of the Dungeon)

   It protects you from negative energy.
   It enhances your eyesight.
   It may recurse itself when equipped.
   It has a curse placed upon it.
 M - a +2 helmet of intelligence (worn)
 R - a +0 cloak (worn)
Magical devices
 p - a wand of digging (10)
 q - a wand of fire (3)
 J - a wand of draining (5)
 S - a wand of fire (4)
 U - a wand of hasting (1)
Comestibles
 h - 5 meat rations
Scrolls
 g - 14 scrolls of remove curse
 k - 7 scrolls of teleportation
 o - a scroll of vulnerability {unknown}
 C - a scroll of magic mapping
 D - 2 scrolls of fog
 F - 2 scrolls of blinking
Jewellery
 c - a ring of poison resistance (right claw)
 f - an uncursed ring of positive energy
 l - an uncursed ring of sustain abilities
 m - an amulet of the gourmand (around neck)
 K - a ring of regeneration (left claw)
 N - an uncursed amulet of resist corrosion
 Y - an uncursed ring of flight
Potions
 e - 5 potions of restore abilities
 n - a potion of invisibility
 r - 2 potions of lignification
 z - 7 potions of curing
 A - 3 potions of brilliance
 B - a potion of agility
 O - 2 potions of flight
Magical staves
 s - an uncursed staff of wizardry
Miscellaneous
 a - a sack of spiders
 t - a stone of tremors
 Q - a plain deck of changes
 T - a lamp of fire


   Skills:
 - Level 1.5 Dodging
 - Level 9.3 Stealth
 - Level 17.8 Spellcasting
 - Level 9.5 Conjurations
 - Level 6.7 Charms
 - Level 12.1 Necromancy
 * Level 4.5 Transmutations
 - Level 7.8 Air Magic


You had one spell level left.
You knew the following spells:

 Your Spells              Type           Power        Failure   Level  Hunger
a - Magic Dart            Conj           ####         1%          1    None
b - Necromutation         Trmt/Necr      ######....   100%        8    #######
c - Dazzling Spray        Conj/Hex       #####...     1%          3    None
d - Iskenderun's Mystic   Conj           ######..     1%          4    None
e - Deflect Missiles      Chrm/Air       ######....   21%         6    ####...
f - Swiftness             Chrm/Air       ######..     1%          2    None
g - Mephitic Cloud        Conj/Pois/Air  #####...     1%          3    None
h - Blink                 Tloc           N/A          4%          2    None
i - Iskenderun's Battles  Conj/Chrm      ######..     2%          5    None
j - Sublimation of Blood  Necr           ######....   1%          2    None
k - Bolt of Draining      Conj/Necr      ######....   1%          5    None
l - Regeneration          Chrm/Necr      ######....   1%          3    None
m - Animate Dead          Necr           N/A          1%          4    None


Dungeon Overview and Level Annotations

Branches:
Dungeon (11/15)            Temple (1/1) D:5             Orc (4/4) D:11
    Elf (0/3) Orc:4          Lair (8/8) D:9          Shoals (0/5) Lair:6
 Spider (1/5) Lair:6        Slime (0/6) Lair:8

Altars:
Ashenzari
Kikubaaqudgha
Makhleb
Okawaru
Sif Muna
Trog
Vehumet
Zin
The Shining One
Jiyva

Shops:
D:4 *   Orc:4 =(%?

Annotations:
Spider:1 Josephine


Innate Abilities, Weirdness & Mutations

You are immune to rotting.
You have razor-sharp teeth.*
You regenerate.
When hurt, damage is shared between your health and your magic reserves.
Your bite disrupts and absorbs the magic of your enemies.*
Potions and wands cannot restore your HP.
You have sharp fingernails.*
Your magical capacity is low (-10% MP).


Message History

Your spider zombie barely misses Josephine.
The mana viper skeleton bites you!
The trapdoor spider zombie barely misses you.
The spider zombie barely misses you. The spider zombie bites you.
The wolf spider zombie closely misses you. x2
There is a crawl-hole back to the Lair, spattered with blood here.
Unknown command.
Your spider zombie bites Josephine!
The four-headed hydra skeleton barely misses you.
The four-headed hydra skeleton bites you!
The four-headed hydra skeleton bites you but does no damage.
The four-headed hydra skeleton bites you!
The mana viper skeleton bites you but does no damage.
Your spider zombie bites the four-headed hydra skeleton.
The wolf spider zombie hits you!
* * * LOW HITPOINT WARNING * * *
The wolf spider zombie bites you!
* * * LOW HITPOINT WARNING * * *
The spider zombie bites you!
You die...

≈≈# ##≈≈##≈#
≈≈..##≈#....#
#≈≈..........###
##............≈.#
#≈..#........^..##
#≈..#.............
###≈................
##≈≈≈....@z..........
##..≈≈#..zz@z.........
#.....≈#.z.Zz..#.....
###........#.z...#.....
#≈#........##....# ....
##≈.....[..z.≈s.......#
#≈≈.#≈#...........#..
##.....##...@..#...##>
##.......###.........
#.....[.........#....


You could see Josephine, a trapdoor spider, 2 spider zombies, a wolf spider
zombie, a trapdoor spider zombie, a four-headed hydra skeleton, a mana viper
skeleton and 2 friendly spider zombies.

Vanquished Creatures
  2 dire elephants (Lair:8)
  Snorg (Lair:7)
  8 hydras
  Harold (Lair:2)
  Erica (Lair:8)
  An anaconda (Lair:8)
  A centaur warrior (D:10)
  7 death yaks
  3 orc high priests (Orc:4)
  An orb spider (Spider:1)
  2 unseen horrors
  2 hill giants (D:10)
  4 orc knights (Orc:4)
  Pikel (D:6)
  Joseph (D:8)
  2 wolf spiders
  Erolcha (Orc:1)
  5 orc sorcerers (Orc:4)
  The ghost of sohrabkorkchi the Covered, an experienced LOFi (D:5)
  A gargoyle (D:10)
  3 griffons
  13 elephants
  4 black mambas
  Psyche (D:8)
  A cyclops (Orc:4)
  5 spiny frogs
  A wandering mushroom (Lair:5)
  Grinder (D:6)
  6 komodo dragons
  2 two-headed ogres
  3 trolls
  Prince Ribbit (D:5)
  2 fire drakes
  A hydra skeleton (D:10)
  26 blink frogs
  5 basilisks
  2 deep elf magi (D:10)
  A trapdoor spider zombie (D:7)
  A trapdoor spider (Lair:6)
  The ghost of casual the Ruffian, an average TrTm (D:3)
  3 elephant slugs
  A boulder beetle (Lair:8)
  6 hippogriffs
  Eustachio (D:9)
  A tarantella (Spider:1)
  2 sharks
  3 hungry ghosts
  A hill giant skeleton (D:10)
  40 yaks
  2 wyverns (D:11)
  2 wargs
  A redback simulacrum (Spider:1)
  2 steam dragons
  11 ugly things
  Edmund (D:8)
  11 water moccasins
  14 wolves
  20 orc warriors
  9 ice beasts
  14 porcupines
  2 necrophages
  4 black bears
  4 spiders (Spider:1)
  2 sky beasts
  9 ogres
  4 giant goldfish
  5 phantoms
  5 centaurs
  11 crocodiles
  Sigmund (D:5)
  11 giant slugs
  Blork the orc (D:5)
  A wyvern zombie (D:6)
  14 giant frogs
  A gnoll sergeant (D:9)
  A big kobold (D:10)
  4 scorpions
  A boring beetle (Lair:7)
  13 killer bees
  A troll skeleton (D:10)
  A hippogriff skeleton (D:6)
  2 spriggan skeletons (D:10)
  2 vampire bats (Lair:7)
  6 electric eels
  4 crimson imps
  2 goliath beetles
  28 orc priests
  8 hounds
  7 iguanas
  4 big fish
  An iron imp (D:9)
  A basilisk skeleton (D:11)
  36 orc wizards
  11 worker ants
  13 sheep
  An ogre zombie (D:8)
  Terence (D:2)
  25 adders
  A worker ant zombie (D:5)
  13 gnolls
  2 orc zombies
  39 green rats
  3 giant mites
  A goliath beetle zombie (D:7)
  3 shadow imps
  7 worms
  A gnoll skeleton (D:4)
  3 giant eyeballs
  2 orc skeletons
  11 giant geckos
  168 orcs
  3 ball pythons
  19 bats
  4 giant cockroaches
  22 goblins
  19 hobgoblins
  A giant gecko skeleton (D:8)
  10 giant newts
  A giant spore (D:6)
  A hobgoblin zombie (D:8)
  22 jackals
  14 kobolds
  14 quokkas
  29 rats
  5 ballistomycetes (D:6)
  2 fungi (Lair:8)
  3 plants
942 creatures vanquished.

Vanquished Creatures (collateral kills)
  3 dire elephants (Lair:8)
  4 death yaks (Lair:7)
  6 elephants
  2 black mambas (Lair:7)
  A feature mimic (Lair:6)
  A spiny frog (Lair:6)
  A blink frog (Lair:8)
  A wyvern (Lair:6)
  9 yaks
  A basilisk (Lair:8)
  A shark (Lair:6)
  2 hippogriffs
  An elephant slug (Lair:6)
  4 wolves
  3 porcupines
  2 water moccasins (Lair:6)
  7 necrophages (Lair:7)
  An orc warrior (Orc:3)
  A boring beetle (Lair:8)
  3 crocodiles
  3 giant slugs
  5 giant frogs
  A vampire bat (Lair:7)
  A jelly (Lair:8)
  An orc wizard (Orc:3)
  7 sheep
  4 green rats
  2 adders (Lair:7)
  A giant mite (Lair:3)
  A giant gecko (Lair:2)
  4 orcs
  3 goblins (Orc:3)
  3 jackals
  A quokka (Lair:3)
  3 bats (Lair:7)
  5 rats
  13 fungi
  11 plants
123 creatures vanquished.

Vanquished Creatures (others)
  A hydra zombie (Lair:8)
  2 black mamba zombies
  A spiny frog zombie (Lair:8)
  2 elephant zombies (Lair:7)
  2 blink frog zombies (Lair:8)
  A human zombie (Lair:8)
  A centaur (D:6)
  A giant slug zombie (Lair:8)
  3 yak zombies (Lair:8)
  A cyclops skeleton (Orc:4)
  4 wolf zombies
  A basilisk zombie (Lair:8)
  3 giant frog zombies
  A wolf skeleton (Lair:4)
  A giant frog skeleton (Lair:7)
  A porcupine zombie (Lair:7)
  An ogre zombie (Orc:3)
  2 crocodile zombies
  A hound zombie (Lair:3)
  2 adder zombies
  An electric eel zombie (Lair:7)
  5 green rat zombies
  A giant gecko zombie (Lair:3)
  2 jackal zombies
  2 orc zombies (Orc:3)
  2 rat zombies
  17 fungi
  11 plants
73 creatures vanquished.

Grand Total: 1138 creatures vanquished

Notes
Turn   | Place    | Note
--------------------------------------------------------------
     0 | D:1      | casual, the Vine Stalker Conjurer, began the quest for the Orb.
     0 | D:1      | Reached XP level 1. HP: 9/9 MP: 3/3
   119 | D:1      | Reached XP level 2. HP: 13/13 MP: 0/5
   134 | D:1      | Learned a level 2 spell: Searing Ray
   831 | D:2      | Reached XP level 3. HP: 7/16 MP: 0/7
   903 | D:2      | Learned a level 3 spell: Dazzling Spray
  1059 | D:2      | Reached skill level 5 in Conjurations
  1127 | D:2      | Reached XP level 4. HP: 21/21 MP: 6/9
  1703 | D:2      | Noticed Terence
  1711 | D:2      | Killed Terence
  1711 | D:2      | Reached XP level 5. HP: 24/24 MP: 5/13
  1794 | D:2      | Found a radiant altar of Vehumet.
  1801 | D:2      | Found a deep blue altar of Sif Muna.
  1805 | D:2      | Became a worshipper of Sif Muna the Loreminder
  2163 | D:3      | Learned a level 2 spell: Swiftness
  2166 | D:3      | Learned a level 2 spell: Repel Missiles
  2521 | D:3      | Gained mutation: You heal very quickly. [vine stalker growth]
  2521 | D:3      | Reached XP level 6. HP: 25/28 MP: 6/17
  2665 | D:3      | Noticed casual's ghost (average TrTm)
  2720 | D:3      | Killed casual's ghost
  2720 | D:3      | Acquired Sif Muna's first power
  2720 | D:3      | Reached skill level 5 in Spellcasting
  2720 | D:3      | Reached skill level 6 in Conjurations
  2720 | D:3      | Reached skill level 1 in Charms
  2797 | D:3      | Learned a level 4 spell: Iskenderun's Mystic Blast
  2852 | D:3      | Noticed an ogre
  2857 | D:3      | Killed an ogre
  2857 | D:3      | Reached XP level 7. HP: 32/32 MP: 13/20
  3354 | D:4      | Got a brightly glowing leather armour
  3361 | D:4      | Identified the +3 leather armour of the Gloaming {rN+ SInv Curse} (You found it on level 4 of the Dungeon)
  3455 | D:4      | Found Chaupt's General Store.
  3462 | D:4      | Bought a potion of curing for 22 gold pieces
  3462 | D:4      | Bought a scroll of identify for 22 gold pieces
  3844 | D:4      | Learned a level 3 spell: Mephitic Cloud
  4653 | D:5      | Entered Level 5 of the Dungeon
  4878 | D:5      | Acquired Sif Muna's second power
  4878 | D:5      | Gained mutation: You have razor-sharp teeth. [vine stalker growth]
  4878 | D:5      | Reached XP level 8. HP: 28/36 MP: 13/23
  4887 | D:5      | Noticed sohrabkorkchi's ghost (experienced LOFi)
  4942 | D:4      | Learned a level 2 spell: Blink
  4946 | D:5      | Noticed Prince Ribbit
  4995 | D:5      | Killed Prince Ribbit
  4995 | D:5      | Reached skill level 7 in Spellcasting
  5104 | D:5      | Killed sohrabkorkchi's ghost
  5104 | D:5      | Reached skill level 8 in Spellcasting
  5233 | D:5      | Found a staircase to the Ecumenical Temple.
  5245 | D:5      | Found a glowing silver altar of Zin.
  5311 | D:5      | Noticed Sigmund
  5315 | D:5      | Killed Sigmund
  5414 | D:5      | Noticed Blork the orc
  5424 | D:5      | Killed Blork the orc
  5468 | D:5      | Noticed a steam dragon
  5500 | D:5      | Killed a steam dragon
  5502 | D:5      | Reached XP level 9. HP: 39/39 MP: 15/27
  5631 | D:5      | Learned a level 5 spell: Iskenderun's Battlesphere
  6170 | D:6      | Reached skill level 9 in Spellcasting
  6562 | D:6      | Noticed Grinder
  6568 | D:6      | Killed Grinder
  6568 | D:6      | Acquired Sif Muna's third power
  6617 | D:6      | Paralysed by a giant eyeball for 3 turns
  6994 | D:6      | Reached skill level 10 in Spellcasting
  7673 | D:6      | Noticed Pikel
  7679 | D:6      | Killed Pikel
  7679 | D:6      | Reached XP level 10. HP: 44/44 MP: 15/30
  8022 | D:7      | Learned a level 3 spell: Flight
  8225 | D:7      | Reached skill level 5 in Charms
  8372 | D:7      | Reached skill level 11 in Spellcasting
  9529 | D:8      | Noticed Psyche
  9533 | D:8      | Killed Psyche
  9662 | D:8      | Noticed Joseph
  9668 | D:8      | Killed Joseph
  9668 | D:8      | Received a gift from Sif Muna
  9764 | D:8      | Found a bloodstained altar of Trog.
  9776 | D:8      | Identified Sif Muna's Compendium of Arcane Weapons and Companions (Sif Muna gifted it to you on level 8 of the Dungeon)
  9803 | D:8      | Learned a level 5 spell: Bolt of Draining
  9862 | D:8      | Found a burning altar of Makhleb.
  9865 | D:8      | Noticed Edmund
  9876 | D:8      | Killed Edmund
  9876 | D:8      | Reached skill level 12 in Spellcasting
 10460 | D:9      | Noticed Eustachio
 10473 | D:9      | Killed Eustachio
 10629 | D:9      | Reached skill level 1 in Necromancy
 10650 | D:9      | Reached XP level 11. HP: 47/47 MP: 22/32
 10904 | D:9      | Found a staircase to the Lair.
 11540 | D:10     | Entered Level 10 of the Dungeon
 11703 | D:10     | Reached skill level 13 in Spellcasting
 12077 | D:10     | Noticed a centaur warrior
 12083 | D:10     | Killed a centaur warrior
 12382 | D:10     | Noticed an unseen horror
 12534 | D:10     | Killed an unseen horror
 12653 | D:10     | Noticed a hill giant
 12667 | D:10     | Killed a hill giant
 12667 | D:10     | Received a gift from Sif Muna
 12668 | D:10     | Identified Sif Muna's Handbook of Talismans (Sif Muna gifted it to you on level 10 of the Dungeon)
 12673 | D:10     | Learned a level 3 spell: Regeneration
 13119 | D:10     | Reached skill level 14 in Spellcasting
 13626 | D:11     | Noticed a hill giant
 13982 | D:10     | Reached skill level 5 in Necromancy
 14210 | D:10     | Reached skill level 5 in Stealth
 14564 | D:10     | Gained mutation: You regenerate. [vine stalker growth]
 14564 | D:10     | Reached XP level 12. HP: 51/51 MP: 22/34
 14684 | D:10     | Killed a hill giant
 15547 | D:11     | Found a staircase to the Orcish Mines.
 17087 | Lair:1   | Entered Level 1 of the Lair of Beasts
 17985 | Lair:1   | Received a gift from Sif Muna
 17986 | Lair:1   | Identified Sif Muna's Volume of Unholy Attacks (Sif Muna gifted it to you on level 1 of the Lair of Beasts)
 17992 | Lair:1   | Learned a level 4 spell: Animate Dead
 18727 | Lair:1   | Reached XP level 13. HP: 53/55 MP: 2/35
 19132 | Lair:2   | Reached skill level 10 in Necromancy
 19534 | Lair:2   | Paralysed by a potion of paralysis for 7 turns
 19541 | Lair:2   | Gained mutation: You tend to lose your temper in combat. [potion of mutation]
 19541 | Lair:2   | Gained mutation: You have sharp fingernails. [potion of mutation]
 19541 | Lair:2   | Gained mutation: You often lose your temper in combat. [potion of mutation]
 19542 | Lair:2   | Gained mutation: You digest meat inefficiently. [potion of mutation]
 19542 | Lair:2   | Gained mutation: Your magical capacity is low (-10% MP). [potion of mutation]
 19543 | Lair:2   | Lost mutation: You often lose your temper in combat. [potion of cure mutation]
 19543 | Lair:2   | Lost mutation: You tend to lose your temper in combat. [potion of cure mutation]
 19543 | Lair:2   | Lost mutation: You digest meat inefficiently. [potion of cure mutation]
 20047 | Lair:2   | Noticed Harold
 20051 | Lair:2   | Killed Harold
 21700 | Lair:3   | Reached skill level 1 in Air Magic
 21827 | Lair:3   | Received a gift from Sif Muna
 23315 | Lair:4   | Reached skill level 5 in Air Magic
 25270 | Lair:5   | Learned a level 6 spell: Deflect Missiles
 25626 | Lair:5   | You fall through a shaft for 3 floors!
 25626 | Lair:8   | Entered Level 8 of the Lair of Beasts
 26403 | Lair:8   | Found a viscous altar of Jiyva.
 26404 | Lair:8   | Found a staircase to the Slime Pits.
 26560 | Lair:8   | Noticed Erica
 26571 | Lair:8   | Killed Erica
 26571 | Lair:8   | Reached XP level 14. HP: 59/59 MP: 14/32
 26726 | Lair:8   | Received a gift from Sif Muna
 26817 | Lair:8   | Reached skill level 15 in Spellcasting
 27129 | Lair:8   | Paralysed by a giant eyeball for 3 turns
 28098 | Lair:8   | Your ally Erica died
 28667 | Lair:7   | Found an iron altar of Okawaru.
 28722 | Lair:6   | Found a hole to the Spider Nest.
 29870 | Lair:6   | Reached skill level 16 in Spellcasting
 30547 | Lair:6   | Received a gift from Sif Muna
 31132 | Lair:6   | Found a staircase to the Shoals.
 31673 | Lair:6   | Learned a level 2 spell: Sublimation of Blood
 32200 | Lair:7   | Noticed Snorg
 32206 | Lair:7   | Killed Snorg
 32605 | Lair:7   | Reached XP level 15. HP: 63/63 MP: 1/34
 32625 | Lair:7   | Learned a level 8 spell: Necromutation
 32802 | Lair:7   | Reached skill level 1 in Transmutations
 32909 | Lair:7   | Reached skill level 17 in Spellcasting
 34111 | Orc:1    | Entered Level 1 of the Orcish Mines
 34370 | Orc:1    | Noticed Erolcha
 34372 | Orc:1    | Killed Erolcha
 34838 | Temple   | Entered the Ecumenical Temple
 35491 | Orc:2    | Found a dark tunnel.
 35738 | Orc:1    | Found a burning altar of Makhleb.
 36548 | Orc:3    | Received a gift from Sif Muna
 36549 | Orc:3    | Identified Gossym's Catalogue of Boosts (Sif Muna gifted it to you on level 3 of the Orcish Mines)
 37219 | Orc:4    | Entered Level 4 of the Orcish Mines
 38065 | Orc:4    | Found a staircase to the Elven Halls.
 39785 | Orc:4    | Found Ablaghes' Jewellery Shoppe.
 39788 | Orc:4    | Found Oriana's Food Shop.
 39793 | Orc:4    | Bought an uncursed amulet of the gourmand for 390 gold pieces
 39858 | Orc:4    | Found Creb's Magic Scroll Shop.
 39858 | Orc:4    | Found Gafac's Weapon Shoppe.
 39876 | Orc:4    | Bought a scroll of identify for 24 gold pieces
 40569 | D:9      | Learned a level 1 spell: Magic Dart
 40800 | Spider:1 | Entered Level 1 of the Spider Nest
 41036 | Spider:1 | Noticed Josephine
 41436 | Spider:1 | HP: 3/63 [wolf spider zombie[Josephine] (5)]
 41436 | Spider:1 | Slain by a spider zombie

Action                   |  1- 3 |  4- 6 |  7- 9 | 10-12 | 13-15 || total
-------------------------+-------+-------+-------+-------+-------++-------
Melee: Unarmed           |    18 |       |       |       |    11 ||    29
       Dagger            |     4 |     9 |    32 |    64 |    75 ||   184
       Trident           |       |       |       |       |   186 ||   186
       Halberd           |       |       |       |       |   147 ||   147
       Staff             |       |       |       |       |     1 ||     1
 Cast: Magic Dart        |    37 |    74 |   176 |   409 |   254 ||   950
       Searing Ray       |     5 |    11 |    40 |    67 |    13 ||   136
       Dazzling Spray    |       |     7 |    11 |    30 |    38 ||    86
       Repel Missiles    |       |     1 |     5 |     3 |       ||     9
       Iskenderun's Batt |       |       |    14 |    93 |   111 ||   218
       Iskenderun's Myst |       |       |       |    73 |   249 ||   322
       Bolt of Draining  |       |       |       |    13 |   221 ||   234
       Regeneration      |       |       |       |     2 |     1 ||     3
       Mephitic Cloud    |       |       |       |     4 |       ||     4
       Animate Dead      |       |       |       |     2 |    95 ||    97
       Deflect Missiles  |       |       |       |       |     5 ||     5
       Sublimation of Bl |       |       |       |       |    26 ||    26
Invok: Channel Energy    |       |       |     6 |     6 |    28 ||    40
Evoke: Wand              |       |       |       |     5 |     4 ||     9
  Use: Scroll            |       |       |     4 |    23 |    14 ||    41
       Potion            |       |       |     1 |       |     9 ||    10
 Stab: Distracted        |       |       |       |       |     8 ||     8
       Sleeping          |       |       |       |       |     5 ||     5
       Invisible         |       |       |       |       |     1 ||     1
